 Dungeon Crawl Stone Soup version 0.28.0-53-g5a82cb258f (webtiles) character file.

Game seed: 15996556176938619249

86 Atelerd the Digger (level 4, 0/27 HPs)
             Began as an Octopode Earth Elementalist on June 11, 2022.
             Constricted to death by a ball python (1 damage)
             ... on level 3 of the Dungeon.
             The game lasted 00:01:32 (2295 turns).

Atelerd the Digger (Octopode Earth Elementalist)    Turns: 2295, Time: 00:01:34

Health: 0/27       AC:  1    Str:  5 (7)  XL:     4   Next: 50%
Magic:  7/7        EV: 14    Int: 17 (19) God:
Gold:   99         SH:  0    Dex: 10 (12) Spells: 7/8 levels left

rFire   . . .      SeeInvis .   c - +0 dagger
rCold   . . .      Faith    .   (no shield)
rNeg    . . .      Spirit   .   (helmet restricted)
rPois   .          Reflect  .   (no amulet)
rElec   .          Harm     .   i - +4 ring of evasion
rCorr   .          Rampage  .   (no ring)
Will    .....                   (no ring)
Stlth   +++.......              (no ring)
HPRegen 0.09/turn               (no ring)
MPRegen 0.10/turn               (no ring)
                                (no ring)
                                (no ring)

@: hasted, constricted, very quick
A: almost no armour, amphibious, 8 rings, camouflage 1, gelatinous body 1,
(nimble swimmer 1), tentacles
a: no special abilities


You were on level 3 of the Dungeon.
You visited 1 branch of the dungeon, and saw 3 of its levels.

You collected 99 gold pieces.

Inventory:

Hand Weapons
 c - a +0 dagger (weapon)
Missiles
 b - 89 stones
Jewellery
 i - a +4 ring of evasion (left tentacle)
Scrolls
 a - a scroll of amnesia {unknown}
 d - 4 scrolls of identify {unknown}
 h - a scroll of immolation {unknown}
 k - a scroll of silence {unknown}
Potions
 e - a potion of haste
 f - a potion of mutation {unknown}
 g - a potion of degeneration
 j - a potion of flight {unknown}


   Skills:
 - Level 0.1 Short Blades
 - Level 2.0 Dodging
 - Level 3.4 Stealth
 + Level 2.5 Spellcasting
 * Level 2.0 Transmutations
 + Level 4.1 Earth Magic


You had 7 spell levels left.
You knew the following spells:

 Your Spells              Type           Power      Damage    Failure   Level
a - Sandblast             Erth           32%        2d9       3%          1

Your spell library contained the following spells:

 Spells                   Type           Power      Damage    Failure   Level
 Passwall                 Tmut/Erth      10%        N/A       8%          2
 Animate Skeleton         Necr           4%         N/A       19%         1
 Pain                     Necr           8%         1d4       19%         1
 Stone Arrow              Conj/Erth      18%        3d8       24%         3
 Petrify                  Tmut/Erth      12%        N/A       45%         4
 Dazzling Flash           Conj/Hex       4%         N/A       50%         3
 Vampiric Draining        Necr           2%         2d6       50%         3
 Agony                    Necr           2%         N/A       99%         5
 Silence                  Hex/Air        1%         N/A       99%         5


Dungeon Overview and Level Annotations

Branches:
Dungeon (3/15)

Altars:

Shops:
D:1 !

Annotations:
D:3 Ijyb


Innate Abilities, Weirdness & Mutations

You cannot wear most types of armour.
You are amphibious.
You can wear up to eight rings at the same time.
Your skin changes colour to match your surroundings (Stealth+).
Your rubbery body absorbs attacks. (AC +1, EV +1)
((You are camouflaged when in or above water. (Stealth+)))
You have tentacles for arms and can constrict up to eight enemies at once.


Message History

Ijyb is moderately wounded.
You constrict Ijyb, but do no damage.
Ijyb zaps a wand.
You suddenly lose the ability to move!
You lose your grip on Ijyb.
Ijyb zaps a wand.
You shrug off the repeated paralysis!
The ball python bites you but does no damage.
The ball python grabs you. The ball python constricts you.
Ijyb zaps a wand.
You shrug off the repeated paralysis!
The ball python bites you. The ball python constricts you.
Ijyb zaps a wand.
You shrug off the repeated paralysis!
The ball python bites you. The ball python constricts you.
Ijyb zaps a wand.
You shrug off the repeated paralysis!
The now-empty wand crumbles to dust.
The ball python bites you. The ball python constricts you.
The ball python bites you but does no damage.
The ball python constricts you. Ijyb hits you with a +0 dagger.
The ball python bites you. The ball python constricts you.
Ijyb hits you with a +0 dagger.
* * * LOW HITPOINT WARNING * * *
The ball python bites you.
* * * LOW HITPOINT WARNING * * *
The ball python constricts you.
* * * LOW HITPOINT WARNING * * *
You can move again.
Unknown command.
Unknown command.
Okay, then.
Unknown command.
It was a potion of haste.
You feel yourself speed up. Ijyb misses you. The ball python bites you.
* * * LOW HITPOINT WARNING * * *
The ball python constricts you.
* * * LOW HITPOINT WARNING * * *
Okay, then.
It was a potion of degeneration.
There was something very wrong with that liquid.
You feel weakened.
You feel dopey.
You feel clumsy. Ijyb screams, "I no like you!" Ijyb closely misses you.
The ball python barely misses you. The ball python constricts you.
You die...

### ..##
#.####
#....#
#@##.#
#...Sg##.#
##...###.#
#### #.#
#.######
#......#
#######
######.#
#.....#
#.#
#.....#
######.#


You could see Ijyb and a ball python.

Vanquished Creatures
  Jessica (D:2)
  2 adders
  4 dart slugs
  4 ball pythons
  3 bats
  2 endoplasms
  5 giant cockroaches
  5 hobgoblins (D:1)
  2 frilled lizards
  4 kobolds
  5 rats
37 creatures vanquished.

Notes
Turn   | Place    | Note
-------+----------+-------------------------------------------
     0 | D:1      | Atelerd the Octopode Earth Elementalist began the quest for
                  | the Orb.
     0 | D:1      | Reached XP level 1. HP: 11/11 MP: 3/3
    88 | D:1      | Found Yhoaffit's Distillery.
   233 | D:1      | Reached XP level 2. HP: 15/17 MP: 1/5
   879 | D:1      | Reached XP level 3. HP: 21/21 MP: 3/6
  1222 | D:2      | Found a faded altar of an unknown god.
  1571 | D:2      | Noticed Jessica
  1576 | D:2      | Killed Jessica
  1577 | D:2      | Reached skill level 4 in Earth Magic
  1577 | D:2      | Reached XP level 4. HP: 11/27 MP: 3/7
  2285 | D:3      | Noticed Ijyb
  2287 | D:3      | Paralysed by Ijyb for 7 turns
  2294 | D:3      | HP: 1/27 [constriction (1)]
  2295 | D:3      | Constricted to death by a ball python

Illustrated notes

Levels and vault maps discovered:
D:1:      amcnicky_arrival_flooded_fountain, layout_loops_cross, serial_shops,
          shop
D:2:      layout_loops_cross, hellmonk_ecumenical_altar_crossroads, uniq_jessica
D:3:      layout_loops_cross, uniq_ijyb

Skill      XL: |  1  2  3  4 |
---------------+-------------+-----
Stealth        | 3 |  3.4
Earth Magic    | 4 |  4.1
Transmutations | 2 |  2.0
Short Blades   | |  0.1
Dodging        | |  2.0
Spellcasting   | |  2.5

Action                   |  1- 3 |  4- 6 || total
-------------------------+-------+-------++-------
Melee: Unarmed           |     2 |       ||     2
       Tentacles         |     5 |     1 ||     6
       Constrict         |     3 |     2 ||     5
       Dagger            |    10 |     4 ||    14
 Cast: Sandblast         |    35 |    11 ||    46
  Use: Potion            |       |     2 ||     2
 Stab: Sleeping          |     2 |       ||     2
Armor: Skin              |     4 |     3 ||     7
Dodge: Dodged            |    17 |     6 ||    23
